 Dungeon Crawl Stone Soup version 0.31.0-11-ge490571c62 (webtiles) character file.

Game seed: 12402705748285654080

48 qw the Shooter (level 3, 0/20 HPs)
             Began as a Deep Elf Hunter on Feb 4, 2024.
             Slain by a ribbon worm (1 damage)
             ... on level 2 of the Dungeon.
             The game lasted 00:00:07 (1253 turns).

qw the Shooter (Deep Elf Hunter)                    Turns: 1253, Time: 00:00:07

Health: 0/20       AC:  7    Str: 10    XL:     3   Next: 50%
Magic:  5/5        EV:  6    Int: 13    God:
Gold:   103        SH:  0    Dex: 18    Spells: 2/2 levels left

rFire   . . .        a - +0 shortbow
rCold   . . .        (shield currently unavailable)
rNeg    + . .        k - +0 ring mail
rPois   .            (no helmet)
rElec   .            h - +0 cloak
rCorr   .            f - +0 pair of gloves
SInv    .            (no boots)
Will    +....        c - amulet of faith
Stlth   +            d - ring of positive energy
HPRegen 0.23/turn    i - ring of willpower
MPRegen 0.09/turn

%: faith
@: held
A: no striking features
a: no special abilities


You were on level 2 of the Dungeon.
You visited 1 branch of the dungeon, and saw 2 of its levels.

You collected 103 gold pieces.


   Skills:
 - Level 1.5 Fighting
 + Level 7.0 Ranged Weapons
 - Level 2.4 Dodging
 - Level 1.2 Stealth


You had 2 spell levels left.
You didn't know any spells.
Your spell library was empty.

Inventory:

Hand Weapons
 a - a +0 shortbow (weapon)
Armour
 f - a +0 pair of gloves (worn)
 g - a +1 hat
 h - a +0 cloak (worn)
 k - a +0 ring mail (worn)
Jewellery
 c - an amulet of faith (around neck)
 d - a ring of positive energy (left hand)
 i - a ring of willpower (right hand)
Potions
 b - a potion of might {unknown}
 e - a potion of resistance

Dungeon Overview and Level Annotations

Branches:
Dungeon (2/15)

Altars:


Message History

1231 ||| Stepping randomly (stuck).
The web tears apart.
The ribbon worm expels a string of sticky webbing.
The stream of webbing misses you.
You shoot an arrow. The arrow hits the ribbon worm.
The ribbon worm is lightly wounded.
The ribbon worm bites you.
You shoot an arrow. The arrow hits the ribbon worm!
The ribbon worm is heavily wounded.
The ribbon worm closely misses you.
You shoot an arrow.
The arrow barely misses the ribbon worm.
You shoot an arrow. The arrow hits the ribbon worm.
The ribbon worm is severely wounded.
The ribbon worm expels a string of sticky webbing.
The stream of webbing hits you but does no damage.
You are caught in a web!
The ribbon worm bites you but does no damage.
The ribbon worm barely misses you.
The ribbon worm bites you but does no damage.
The ribbon worm bites you. The ribbon worm bites you.
The ribbon worm expels a string of sticky webbing.
The stream of webbing hits you but does no damage.
You are even more entangled.
The ribbon worm barely misses you. The ribbon worm barely misses you.
1246 ||| Stepping randomly (stuck).
You struggle to detach yourself from the web.
The ribbon worm bites you but does no damage.
The ribbon worm bites you but does no damage.
The ribbon worm expels a string of sticky webbing.
The stream of webbing hits you but does no damage.
You are even more entangled.
The ribbon worm expels a string of sticky webbing.
The stream of webbing hits you but does no damage.
You are even more entangled.
The ribbon worm barely misses you. The ribbon worm bites you.
The ribbon worm bites you.
You die...

######### ##.....### #..
........########.......## ####.#
######........#.........####....#
#.......................####
#........#.......#<.........
###.#####.##........######.#.
###...# #.>.#...#...%..# #..)
###...### #####.......####.# ###.
....#######.....@###### # ...
.#######....####w# ....#
#####....#### #... #...#
......#### ###.# ...## #######
..# #.. ... #. ... ...


You could see a ribbon worm (catching breath).

Vanquished Creatures
  2 adders (D:2)
  A dart slug (D:2)
  2 bats (D:1)
  2 endoplasms (D:1)
  2 giant cockroaches (D:1)
  3 goblins
  3 hobgoblins (D:1)
  A quokka (D:1)
  4 ball pythons
  3 frilled lizards
  2 kobolds (D:1)
  3 rats (D:1)
28 creatures vanquished.

Notes
Turn   | Place    | Note
-------+----------+-------------------------------------------
     0 | D:1      | qw the Deep Elf Hunter began the quest for the Orb.
     0 | D:1      | Reached XP level 1. HP: 12/12 MP: 3/3
     0 | D:1      | 0 ||| qw: Version: 0.3-a-160-g6735b56
     0 | D:1      | 0 ||| qw: Game counter: 4945
     0 | D:1      | 0 ||| qw: Melee chars always use a shield: true
     0 | D:1      | 0 ||| qw: God list: Okawaru
     0 | D:1      | 0 ||| qw: Allow faded altars: false
     0 | D:1      | 0 ||| qw: Do Orc after clearing Dungeon:15 true
     0 | D:1      | 0 ||| qw: Do second Lair branch before Depths: true
     0 | D:1      | 0 ||| qw: Lair rune preference: random
     0 | D:1      | 0 ||| qw: Goals: Normal
     0 | D:1      | 0 ||| PLANNING D:1-11
   116 | D:1      | 116 ||| RETREEEEATING.
   117 | D:1      | 117 ||| RETREEEEATING.
   127 | D:1      | HP: 3/12 [giant cockroach (1)]
   129 | D:1      | HP: 1/12 [goblin/+0 dagger (3)]
   132 | D:1      | Reached skill level 6 in Ranged Weapons
   132 | D:1      | Reached XP level 2. HP: 2/16 MP: 4/4
   764 | D:1      | 764 ||| UPGRADING to +0 pair of gloves.
   769 | D:1      | 769 ||| UPGRADING to +0 cloak.
   774 | D:1      | 774 ||| UPGRADING to +0 ring mail.
   784 | D:1      | 784 ||| DROPPING +0 leather armour.
   785 | D:1      | 785 ||| UPGRADING to ring of positive energy.
   786 | D:1      | 786 ||| UPGRADING to ring of willpower.
   787 | D:1      | 787 ||| READING scroll labelled OHUHISUPUN.
   787 | D:1      | Identified a scroll of acquirement
   787 | D:1      | 787 ||| ACQUIRING amulet of faith
   787 | D:1      | Acquired an amulet of faith
   789 | D:1      | 789 ||| UPGRADING to amulet of faith.
   794 | D:1      | 794 ||| READING scroll labelled FAWKUINABU.
   795 | D:1      | 795 ||| READING scroll labelled HUKKETW BUCU.
   795 | D:1      | 795 ||| IDENTIFYING smoky orange potion
   796 | D:1      | 796 ||| DROPPING scroll of butterflies.
   906 | D:2      | 906 ||| STAIRDANCE
   909 | D:2      | 909 ||| STAIRDANCE
  1017 | D:2      | Reached XP level 3. HP: 20/20 MP: 5/5
  1089 | D:2      | Reached skill level 7 in Ranged Weapons
  1207 | D:2      | 1207 ||| Stepping randomly (stuck).
  1220 | D:2      | 1220 ||| Stepping randomly (stuck).
  1231 | D:2      | 1231 ||| Stepping randomly (stuck).
  1239 | D:2      | HP: 5/20 [ribbon worm (4)]
  1241 | D:2      | HP: 2/20 [ribbon worm (4)]
  1246 | D:2      | 1246 ||| Stepping randomly (stuck).
  1252 | D:2      | HP: 1/20 [ribbon worm (3)]
  1253 | D:2      | Slain by a ribbon worm

Levels and vault maps discovered:
D:1:      lightli_arrival_farm, layout_loops_ring, serial_bayou_crossing
D:2:      layout_rooms

Skill      XL: |  1  2  3 |
---------------+----------+-----
Ranged Weapons | 6 7 |  7.0
Fighting       | |  1.5
Dodging        | |  2.4
Stealth        | |  1.2

Action                     || total
---------------------------++-------
   Fire: Shortbow          ||    89
    Use: Scroll            ||     3
 Armour: Leather armour    ||    23
         Ring mail         ||    40
  Dodge: Dodged            ||    43

Table legend:
 A = Non-vault XP
 B = Vault XP
 C = Vault XP percentage of total XP
 D = Non-vault monster count
 E = Vault monster count
 F = Vault count percentage of total count
                 A         B        C        D         E       F
            +---------+---------+-------+---------+---------+-------
      Total |      69 |       0 |   0.0 |      28 |       0 |   0.0
            +---------+---------+-------+---------+---------+-------
        D:1 |      32 |       0 |   0.0 |      20 |       0 |   0.0
        D:2 |      37 |       0 |   0.0 |       8 |       0 |   0.0
            +---------+---------+-------+---------+---------+-------
